 Dungeon Crawl Stone Soup version 0.31-a0-174-g85c54bcb58 (webtiles) character file.

Game seed: 6759126849263734547

126 Moral the Ducker (level 5, -1/41 (42) HPs)
             Began as a Merfolk Gladiator on June 16, 2023.
             Killed from afar by an orc wizard (9 damage)
             ... with a magic dart
             ... on level 6 of the Dungeon.
             The game lasted 00:05:58 (2723 turns).

Moral the Ducker (Merfolk Gladiator)                Turns: 2723, Time: 00:05:59

HP:   -1/41 (42)    AC:  5    Str: 15    XL:     5   Next: 10%
MP:   5/5           EV: 14    Int:  7    God:
Gold: 95            SH:  0    Dex: 17    Spells: 4/4 levels left

rFire   . . .        a - +0 long sword
rCold   . . .        (no shield)
rNeg    . . .        b - +0 leather armour
rPois   .            c - +0 helmet
rElec   .            (no cloak)
rCorr   .            f - +0 pair of gloves
SInv    .            (no boots)
Will    .....        (no amulet)
Stlth   +            (no ring)
HPRegen 0.26/turn    (no ring)
MPRegen 0.09/turn

%: no passive effects
@: lightly drained
A: (nimble swimmer 2), mertail
a: no special abilities


You were on level 6 of the Dungeon.
You visited 1 branch of the dungeon, and saw 5 of its levels.

You collected 95 gold pieces.

Inventory:

Hand Weapons
 a - a +0 long sword (weapon)
Armour
 b - a +0 leather armour (worn)
 c - a +0 helmet (worn)
 f - a +0 pair of gloves (worn)
Scrolls
 d - a scroll of enchant weapon {unknown}
 e - a scroll of fog
 g - a scroll of torment {unknown}
 j - 2 scrolls of poison {unknown}
Potions
 h - a potion of enlightenment {unknown}
 i - a potion of degeneration {unknown}


   Skills:
 + Level 3.7 Fighting
 + Level 4.9 Long Blades
 - Level 2.0 Throwing
 + Level 5.3 Dodging


You had 4 spell levels left.
You didn't know any spells.
Your spell library contained the following spells:

 Spells                   Type           Power      Damage    Failure   Level
 Portal Projectile        Hex/Tloc       0%         N/A       86%         3
 Tukima's Dance           Hex            0%         N/A       86%         3
 Blade Hands              Tmut           0%         N/A       100%        5


Dungeon Overview and Level Annotations

Branches:
Dungeon (6/15)
 Temple: D:4-7

Altars:

Shops:
D:3 !

Annotations:
D:6 Dowan, Duvessa


Innate Abilities, Weirdness & Mutations

((You are very nimble when in or above water. (Stealth+, EV+, Speed+++)))
Your lower body shifts to a powerful aquatic tail in water.


Message History

Duvessa, Sister of Dowan comes into view.
She is wielding a +0 short sword.
Duvessa shouts!
You slash the adder!
You kill the adder!
You slash the orc!
You kill the orc!
A magic dart appears from out of thin air!
The magic dart hits you. Something hits you.
Things that are here:
a +0 war axe; an orc corpse You hit something but do no damage.
You hear some strange, mumbled words.
You are confused.
You hit something. Your punch misses something.
Something hits you but does no damage.
You bump into the rock wall.
You hear some strange, mumbled words.
A puff of flame appears from out of thin air!
The puff of flame hits you!
You bump into the rock wall.
Something hits you but does no damage.
You bump into the rock wall.
Something hits you.
You bump into the rock wall.
You feel less confused.
Dowan, Brother of Duvessa comes into view.
He is wielding a +0 dagger.
Something hits you.
You barely miss something.
Dowan smirks and points a slender finger.
Something hits you but does no damage.
You barely miss something. Something hits you.
You barely miss something.
You hear some strange, mumbled words.
A magic dart appears from out of thin air!
The magic dart hits you!
* * * LOW HITPOINT WARNING * * *
Duvessa gestures with her weapon.
You hear some strange, mumbled words.
A magic dart appears from out of thin air!
The magic dart hits you!
You die...

# #..
#....######.#
...eeo{@<...#
###.#######.#


You could see Duvessa, Dowan and an orc.

Vanquished Creatures
  Robin (D:2)
  4 gnolls (D:1)
  2 adders
  A dart slug (D:2)
  An orc (D:6)
  4 bats
  2 endoplasms
  A giant cockroach (D:1)
  14 goblins
  7 hobgoblins
  3 jackals (D:2)
  4 kobolds
  2 quokkas
  3 ball pythons
  2 rats
51 creatures vanquished.

Notes
Turn   | Place    | Note
-------+----------+-------------------------------------------
     0 | D:1      | Moral the Merfolk Gladiator began the quest for the Orb.
     0 | D:1      | Reached XP level 1. HP: 16/16 MP: 1/1
   182 | D:1      | Reached XP level 2. HP: 23/23 MP: 2/2
   894 | D:2      | Reached XP level 3. HP: 26/28 MP: 3/3
  1141 | D:2      | Noticed Robin
  1607 | D:1      | Reached XP level 4. HP: 27/35 MP: 4/4
  1922 | D:1      | Reached skill level 5 in Dodging
  2120 | D:2      | Killed Robin
  2609 | D:3      | Found Avvyis's Distillery.
  2680 | D:3      | Reached XP level 5. HP: 40/40 MP: 5/5
  2687 | D:3      | You fall into a shaft and drop 2 floors!
  2687 | D:5      | Entered Level 5 of the Dungeon
  2693 | D:5      | Noticed a black bear
  2711 | D:6      | Noticed Duvessa
  2720 | D:6      | Noticed Dowan
  2723 | D:6      | Killed from afar by an orc wizard

Illustrated notes

Levels and vault maps discovered:
D:1:      amcnicky_arrival_underground_garden, layout_basic, due_unseen_surprise
D:2:      layout_basic, uniq_robin
D:3:      layout_loops_ring, serial_shops, nicolae_shop_trees, uniq_ijyb
D:5:      layout_cave_pools, nicolae_tso_swordbearing_angel,
          uniq_crazy_yiuf_cottage
D:6:      minmay_angry_zag, layout_basic, uniq_duvessa

Skill      XL: |  1  2  3  4 |
---------------+-------------+-----
Long Blades    | 4 |  4.9
Fighting       | 3 |  3.7
Dodging        | 5 |  5.3
Throwing       | |  2.0

Action                     |  1- 3 |  4- 6 || total
---------------------------+-------+-------++-------
  Melee: Long sword        |   102 |    49 ||   151
  Throw: Throwing net      |     3 |       ||     3
    Use: Scroll            |     3 |     1 ||     4
   Stab: Sleeping          |       |     1 ||     1
 Armour: Leather armour    |    49 |    16 ||    65
  Dodge: Dodged            |   122 |    50 ||   172

Table legend: (Time is in decaauts)
 A = Elapsed time spent in this place.
 B = Non-inter-level travel time spent in this place.
 C = Inter-level travel time spent in this place.
 D = Time resting spent in this place.
 E = Time spent auto-exploring this place.
 F = Levels seen in this place.
 G = Mean time per level.
                   A        B        C        D        E       F      G
               +--------+--------+--------+--------+--------+-----+--------+
         Total |   2758 |   2652 |    106 |   1137 |    981 |   5 |  551.6 |
       Dungeon |   2758 |   2652 |    106 |   1137 |    981 |   5 |  551.6 |
               +--------+--------+--------+--------+--------+-----+--------+

Top non-repeatable levels by time:
     D:1: 1665 daAuts
     D:2: 974 daAuts
     D:3: 81 daAuts
     D:6: 20 daAuts
     D:5: 16 daAuts
